 Dungeon Crawl Stone Soup version 0.30.0-29-ga12c61a403 (webtiles) character file.

Game seed: 10981162590592377186

1712 ChadusMaximus the Cleaver (level 8, -12/71 HPs)
             Began as a Minotaur Fighter on June 24, 2023.
             Mangled by a two-headed ogre
             ... wielding a +0 giant club
              (16 damage)
             ... on level 6 of the Dungeon.
             The game lasted 00:05:34 (5215 turns).

ChadusMaximus the Cleaver (Minotaur Fighter)        Turns: 5215, Time: 00:05:34

Health: -12/71     AC: 13    Str: 23    XL:     8   Next: 74%
Magic:  7/7        EV:  8    Int:  5    God:
Gold:   315        SH:  5    Dex: 10    Spells: 7/7 levels left

rFire   . . .        a - +0 war axe
rCold   + . .        c - +0 buckler
rNeg    . . .        v - +0 chain mail
rPois   .            (helmet restricted)
rElec   .            (no cloak)
rCorr   .            G - +2 pair of gloves
SInv    .            (no boots)
Will    .....        (no amulet) Stlth
                     A - ring of protection from cold
HPRegen 0.31/turn    (no ring)
MPRegen 0.10/turn

%: no passive effects
@: no status effects
A: horns 2, retaliatory headbutt
a: no special abilities


You were on level 6 of the Dungeon.
You visited 1 branch of the dungeon, and saw 6 of its levels.
You also visited: Sewer.

You collected 315 gold pieces.

Inventory:

Hand Weapons
 a - a +0 war axe (weapon)
Missiles
 p - 3 javelins (quivered)
Armour
 b - a +0 scale mail
 c - a +0 buckler (worn)
 l - a +1 pair of gloves
 v - a +0 chain mail (worn)
 G - a +2 pair of gloves (worn)
Jewellery
 A - a ring of protection from cold (left hand)
 B - a ring of ice
 C - a ring of ice
 F - a ring of fire
Wands
 y - a wand of charming (7)
Scrolls
 e - 3 scrolls of enchant armour
 f - 4 scrolls of teleportation
 h - 3 scrolls of magic mapping
 i - 3 scrolls of identify
 j - 3 scrolls of fear
 o - a scroll of fog {unknown}
 r - 2 scrolls of immolation {unknown}
 u - a scroll of butterflies {unknown}
 x - 2 scrolls of poison {unknown}
 z - a scroll of acquirement {unknown}
 E - a scroll of blinking {unknown}
Potions
 d - 2 potions of might
 g - 2 potions of berserk rage {unknown}
 k - 4 potions of curing {unknown}
 m - 3 potions of heal wounds {unknown}
 n - 2 potions of flight {unknown}
 q - a potion of lignification {unknown}
 s - a potion of attraction {unknown}
 t - a potion of magic {unknown}
 w - 2 potions of invisibility {unknown}
 D - a potion of brilliance {unknown}


   Skills:
 + Level 6.9 Fighting
 * Level 8.8 Axes
 + Level 7.0 Armour
 + Level 7.0 Shields


You had 7 spell levels left.
You didn't know any spells.
Your spell library contained the following spells:

 Spells                   Type           Power      Damage    Failure   Level
 Sandblast                Erth           0%         2d4       97%         1
 Lesser Beckoning         Tloc           0%         N/A       99%         2
 Passwall                 Tmut/Erth      0%         N/A       99%         2
 Gell's Gravitas          Tloc           0%         N/A       100%        3
 Stone Arrow              Conj/Erth      0%         3d7       100%        3
 Teleport Other           Tloc           0%         N/A       100%        3
 Conjure Ball Lightning   Conj/Air       0%         3x3d6     100%        6
 Malign Gateway           Summ/Tloc      0%         N/A       100%        7
 Discord                  Hex            0%         N/A       100%        8
 Disjunction              Tloc           0%         N/A       100%        8
 Summon Horrible Things   Summ           0%         N/A       100%        8


Dungeon Overview and Level Annotations

Branches:
Dungeon (6/15)             Temple (0/1) D:6           Sewer (visited)

Altars:
Makhleb
Nemelex Xobeh
Ru
Xom
Zin

Annotations:
D:6 2 runed translucent doors


Innate Abilities, Weirdness & Mutations

You have a pair of horns on your head.
You reflexively headbutt those who attack you in melee.


Message History

You block the two-headed ogre's attack.
The two-headed ogre hits you with a +0 giant spiked club.
The adder bites you but does no damage.
You hit the two-headed ogre.
Your headbutt misses the two-headed ogre.
The two-headed ogre is moderately wounded.
You hit the adder. The adder bites you but does no damage.
You hit the two-headed ogre.
The two-headed ogre is moderately wounded.
You slash the adder! The adder bites you.
The two-headed ogre hits you with a +0 giant club.
The two-headed ogre hits you with a +0 giant spiked club.
The adder bites you but does no damage.
You completely miss the two-headed ogre.
Your headbutt misses the two-headed ogre.
The two-headed ogre is moderately wounded.
You miss the adder. The two-headed ogre closely misses you.
The two-headed ogre hits you with a +0 giant spiked club!!
The adder barely misses you.
You hit the two-headed ogre. You headbutt the two-headed ogre!
The two-headed ogre is heavily wounded.
You miss the adder. The adder misses you.
The two-headed ogre barely misses you. You furiously retaliate!
You headbutt the two-headed ogre!
The two-headed ogre hits you but does no damage.
You closely miss the two-headed ogre.
The two-headed ogre is severely wounded.
You hit the adder.
You kill the adder!
You slash the two-headed ogre!
The two-headed ogre is almost dead.
The two-headed ogre hits you with a +0 giant club!
The two-headed ogre hits you with a +0 giant spiked club!!
* * * LOW HITPOINT WARNING * * *
Unknown command.
You hit the two-headed ogre but do no damage.
Your headbutt misses the two-headed ogre.
The two-headed ogre is almost dead.
The two-headed ogre hits you with a +0 giant club!
You die...

***********
**##,........#
*,...#.8.8.8.#
*,*#.#..⌠.⌠..#
*,**...8.>.8.#
*,***#..⌠.⌠..# *,*
#.8.8.8.# ****,*
#.......# *,,,,*
#.,#@O#** *,,,,*
#.##.##### *,,,,*
#........#
*,,,,####........#
*,,,,...#........######
*,,,,*#..........#....#
****,,###........#....#
# **,* #.............#
# *,* #.[...........#
##


You could see a two-headed ogre.

Vanquished Creatures
  Sigmund (D:3)
  Menkaure (D:5)
  A water moccasin (D:5)
  A black bear (D:5)
  3 bullfrogs
  A scorpion (D:4)
  A vampire bat (D:4)
  2 jellies
  2 orc priests
  A gnoll bouda (D:5)
  5 hounds
  4 iguanas
  2 sleepcaps (D:6)
  An orc wizard (D:5)
  11 gnolls
  10 adders
  2 river rats (D:6)
  A shadow imp (D:5)
  A white imp (D:5)
  A worm (D:4)
  5 dart slugs
  3 fire bats (D:4)
  18 orcs
  2 spectral bats (D:4)
  15 bats
  3 bat skeletons (D:4)
  A bat zombie (D:4)
  16 endoplasms
  11 giant cockroaches
  A hobgoblin (D:3)
  A jackal (D:5)
  7 kobolds
  16 quokkas
  16 ball pythons
  A bat simulacrum (D:4)
  9 frilled lizards
  8 goblins
  7 rats
192 creatures vanquished.

Notes
Turn   | Place    | Note
-------+----------+-------------------------------------------
     0 | D:1      | ChadusMaximus the Minotaur Fighter began the quest for the
                  | Orb.
     0 | D:1      | Reached XP level 1. HP: 19/19 MP: 0/0
    94 | D:1      | Found a faded altar of an unknown god.
   180 | D:1      | Reached XP level 2. HP: 27/27 MP: 1/1
   224 | D:1      | Reached skill level 3 in Axes
   633 | D:2      | Reached XP level 3. HP: 33/33 MP: 2/2
   812 | D:2      | Reached XP level 4. HP: 40/40 MP: 3/3
  1417 | D:3      | Reached skill level 4 in Axes
  1556 | D:3      | Found a burning altar of Makhleb.
  1595 | D:3      | Noticed Sigmund
  1609 | D:3      | Killed Sigmund
  1610 | D:3      | Reached skill level 5 in Axes
  1610 | D:3      | Reached XP level 5. HP: 21/47 MP: 4/4
  2081 | D:3      | Found a glowing silver altar of Zin.
  2081 | D:3      | Found a sparkling altar of Nemelex Xobeh.
  2221 | D:4      | Reached skill level 5 in Armour
  2221 | D:4      | Reached XP level 6. HP: 40/55 MP: 5/5
  2560 | D:4      | Reached skill level 5 in Shields
  2569 | D:4      | Reached skill level 5 in Fighting
  2895 | D:4      | Reached skill level 6 in Axes
  3293 | D:5      | Entered Level 5 of the Dungeon
  3300 | D:5      | Noticed Menkaure
  3302 | D:5      | Noticed a water moccasin
  3307 | D:5      | Killed Menkaure
  3308 | D:5      | Reached XP level 7. HP: 55/61 MP: 6/6
  3336 | D:5      | Reached skill level 7 in Axes
  3587 | D:5      | Found a shimmering altar of Xom.
  3912 | D:5      | Reached XP level 8. HP: 61/70 MP: 7/7
  4341 | D:5      | Found a sacrificial altar of Ru.
  4496 | D:6      | Reached skill level 8 in Axes
  4713 | D:6      | Found a large runed translucent door.
  4714 | D:6      | Found a large runed translucent door.
  4823 | D:6      | Found a glowing drain.
  4828 | Sewer    | Entered a sewer
  5102 | Sewer    | Identified the +1 robe of the Gate {rF++ Stlth+}
  5203 | D:6      | Found a staircase to the Ecumenical Temple.
  5204 | D:6      | Noticed a two-headed ogre
  5215 | D:6      | Mangled by a two-headed ogre

Illustrated notes

Levels and vault maps discovered:
D:1:      amcnicky_arrival_single_pillar, layout_loops_ring,
          hellmonk_ecumenical_altar_run_dry
D:2:      layout_loops_cross, hangedman_decor_clover_reticule
D:3:      layout_loops_ring, overflow_temple_1_default,
          gammafunk_temple_overflow_elements, uniq_sigmund
D:4:      layout_gridville, goddamned_bats
D:5:      layout_basic, xom_confusion_cloud, nicolae_ru_awakened_eye,
          uniq_menkaure
D:6:      minmay_octagon_keep, layout_rooms, jmf_multi_god_temple2,
          minmay_temple_entry_statues_fountains, gup_sewer_entry_bowl,
          chequers_serial_rivers_micro_e

Skill      XL: |  1  2  3  4  5  6  7  8 |
---------------+-------------------------+-----
Axes           | 3 5 6 7 8 |  8.8
Fighting       | 4 5 6 |  6.9
Armour         | 4 5 6 7 |  7.0
Shields        | 4 5 6 7 |  7.0

Action                     |  1- 3 |  4- 6 |  7- 9 || total
---------------------------+-------+-------+-------++-------
  Melee: War axe           |    68 |   118 |   243 ||   429
         Headbutt          |     9 |    17 |    41 ||    67
  Throw: Javelin           |       |     1 |       ||     1
    Use: Scroll            |       |       |     5 ||     5
 Armour: Scale mail        |    38 |    83 |       ||   121
         Chain mail        |       |     8 |   126 ||   134
  Dodge: Dodged            |    30 |    67 |    92 ||   189
  Block: Buckler           |    12 |    39 |    72 ||   123
